 Dungeon Crawl Stone Soup version 0.20.1-1-g8b1a95d (webtiles) character file.

396 Meenos the Poker (level 6, -7/52 HPs)
             Began as a Minotaur Skald on Nov 14, 2017.
             Was an Initiate of Makhleb.
             Mangled by an iguana (11 damage)
             ... on level 4 of the Dungeon.
             The game lasted 00:29:14 (3118 turns).

Meenos the Poker (Minotaur Skald)                   Turns: 3118, Time: 00:29:14

Health: -7/52      AC:  9    Str: 17    XL:     6   Next: 52%
Magic:  7/7        EV:  7    Int: 14    God:    Makhleb [......]
Gold:   225        SH:  0    Dex:  9    Spells: 6/7 levels left

rFire    + . .     SeeInvis .   x - +1 falchion "Pitoliv" {holy, MR+ Int+3}
rCold    . . .     Gourm    .   (no shield)
rNeg     . . .     Faith    .   q - -2 chain mail (curse)
rPois    .         Spirit   .   (helmet restricted)
rElec    .         Reflect  .   j - +2 cloak
rCorr    .         Harm     .   (no gloves)
MR       +....                  (no boots)
Stlth    ..........             (no amulet)
Regen    0.2/turn               g - ring of protection from fire (curse)
MPRegen  0.1/turn               u - ring of flight

@: no status effects
A: retaliatory headbutt, horns 2
a: Renounce Religion, Evoke Flight


You were on level 4 of the Dungeon.
You worshipped Makhleb.
Makhleb was noncommittal.
You were not hungry.

You visited 1 branch of the dungeon, and saw 4 of its levels.

You collected 225 gold pieces.

Inventory:

Hand Weapons
 a - a +1 spear
 x - the +1 falchion "Pitoliv" (weapon) {holy, MR+ Int+3}
   (You found it on level 4 of the Dungeon)

   It has been blessed by the Shining One to cause great damage to the undead
   and demons.
   It affects your intelligence (+3).
   It affects your resistance to hostile enchantments.
Missiles
 w - 5 tomahawks (quivered)
Armour
 b - a +0 leather armour
 j - a +2 cloak (worn)
 m - a +0 scale mail
 o - a +0 scale mail
 q - a cursed -2 chain mail (worn)
Jewellery
 g - a cursed ring of protection from fire (left hand)
 u - a ring of flight (right hand)
Scrolls
 e - a scroll of teleportation
 r - a scroll of fear
Potions
 h - a potion of might {unknown}
 i - 3 potions of brilliance {unknown}
 k - 2 potions of ambrosia {unknown}
 l - 2 potions of magic {unknown}
 n - a potion of flight {unknown}
 s - a potion of invisibility {unknown}
 t - 2 potions of haste
 z - 2 potions of resistance {unknown}
Books
 c - a book of Battle

   Spells                             Type                      Level
   a - Infusion                       Charms                       1
   b - Shroud of Golubria             Charms/Translocation         2
   c - Song of Slaying                Charms                       2
   d - Spectral Weapon                Hexes/Charms                 3
   e - Regeneration                   Charms/Necromancy            3
Comestibles
 d - 2 bread rations
 f - 2 royal jellies
 p - 2 meat rations
 v - 2 chunks of flesh


   Skills:
 - Level 4.1 Fighting
 * Level 1.3 Long Blades
 - Level 6.6 Polearms
 - Level 1.2 Armour
 - Level 2.3 Dodging
 - Level 1.3 Spellcasting
 - Level 2.8 Charms


You had 6 spell levels left.
You knew the following spells:

 Your Spells              Type           Power        Failure   Level  Hunger
a - Infusion              Chrm           #...         80%         1    ##.....


Dungeon Overview and Level Annotations

Branches:
Dungeon (4/15)
 Temple: D:4-7

Altars:
Cheibriados
Elyvilon
Makhleb
Vehumet


Innate Abilities, Weirdness & Mutations

You reflexively headbutt those who attack you in melee.
You have a pair of horns on your head.


Message History

The iguana is heavily wounded.
The ogre hits you with a giant club!! The iguana bites you.
* * * LOW HITPOINT WARNING * * *
You closely miss the iguana.
The iguana is heavily wounded.
The iguana closely misses you. The ogre closely misses you.
You furiously retaliate!
You headbutt the ogre.
You riposte.
You hit the ogre.
The ogre is moderately wounded.
The iguana bites you but does no damage.
You hit the ogre.
The ogre is heavily wounded.
The ogre hits you with a giant club!
* * * LOW HITPOINT WARNING * * *
The iguana bites you but does no damage.
You closely miss the ogre.
The ogre is heavily wounded.
The ogre hits you with a giant club.
* * * LOW HITPOINT WARNING * * *
The iguana bites you!
You die...

#.##..# ##.##.##
#(##..#### ##.....#
#.###....###..#####
#.# #.#.......# #.
#.#...##.##
#...#....#
###........####
##....#####...>####
#l@#..# ####.....
#..O##..# ######
#..# #.## #.. #.#
... ... .... >.#
.#.. .# #.#


You could see an ogre and an iguana.

Vanquished Creatures
  A hound (D:4)
  An orc priest (D:4)
  2 orc wizards (D:4)
  An iron imp (D:3)
  A worker ant (D:3)
  A hound zombie (D:3)
  3 gnolls (D:3)
  6 adders
  2 oozes
  An adder skeleton (D:3)
  An adder zombie (D:3)
  2 worms (D:2)
  A dart slug (D:1)
  3 leopard geckos
  9 orcs
  6 bats
  6 giant cockroaches
  8 goblins
  8 hobgoblins
  11 jackals
  6 kobolds
  A quokka (D:3)
  A ball python (D:2)
  5 frilled lizards
  A giant cockroach zombie (D:3)
  A jackal zombie (D:3)
  2 quokka skeletons
  10 rats
  A plant (D:4)
102 creatures vanquished.

Notes
Turn   | Place    | Note
-------+----------+-------------------------------------------
     0 | D:1      | Meenos the Minotaur Skald began the quest for the Orb.
     0 | D:1      | Reached XP level 1. HP: 18/18 MP: 1/1
   217 | D:1      | Reached XP level 2. HP: 25/25 MP: 3/3
   925 | D:2      | Reached XP level 3. HP: 16/31 MP: 4/4
  1262 | D:2      | Found a snail-covered altar of Cheibriados.
  1375 | D:2      | Reached XP level 4. HP: 39/40 MP: 5/5
  1764 | D:3      | Reached skill level 3 in Polearms
  1834 | D:3      | Reached XP level 5. HP: 42/46 MP: 3/6
  1835 | D:3      | Reached skill level 4 in Polearms
  2195 | D:3      | Found a radiant altar of Vehumet.
  2398 | D:3      | Found a burning altar of Makhleb.
  2409 | D:3      | Reached skill level 5 in Polearms
  2413 | D:3      | Became a worshipper of Makhleb the Destroyer
  2754 | D:4      | Reached XP level 6. HP: 52/52 MP: 5/7
  2781 | D:4      | Reached skill level 6 in Polearms
  2872 | D:4      | Found a white marble altar of Elyvilon.
  3019 | D:4      | Got an iridescent falchion
  3020 | D:4      | Identified the +1 falchion "Pitoliv" {holy, MR+ Int+3} (You found it on level 4 of the Dungeon)
  3066 | D:4      | Reached skill level 1 in Long Blades
  3118 | D:4      | Mangled by an iguana

Skill      XL: |  1  2  3  4  5  6 |
---------------+-------------------+-----
Fighting       | 3 4 |  4.1
Polearms       | 3 5 6 |  6.6
Long Blades    | 1 |  1.3
Armour         | |  1.2
Dodging        | |  2.3
Spellcasting   | |  1.3
Charms         | |  2.8

Action                   |  1- 3 |  4- 6 || total
-------------------------+-------+-------++-------
Melee: Spear             |    92 |   250 ||   342
       Headbutt          |    11 |    44 ||    55
       Falchion          |       |    11 ||    11
 Cast: Infusion          |     2 |     2 ||     4
  Use: Scroll            |     3 |     3 ||     6
       Potion            |       |     1 ||     1
  Eat: Chunk             |     1 |     7 ||     8
Armor: Leather armour    |    25 |       ||    25
       Chain mail        |    15 |   106 ||   121
Dodge: Dodged            |    66 |    57 ||   123
       Rpst.: Falchion   |       |     1 ||     1
